 Dungeon Crawl Stone Soup version 0.31-a0-544-gceb718ecc6 (webtiles) character file.

Game seed: 6400757150308948573

144 IdlyInterested the Trooper (level 5, -2/41 HPs)
             Began as a Demonspawn Gladiator on Aug 15, 2023.
             Slain by a cerulean imp
             ... wielding a +0 spear
             ... summoned by Natasha
              (3 damage)
             ... on level 2 of the Dungeon.
             The game lasted 00:06:50 (2482 turns).

IdlyInterested the Trooper (Demonspawn Gladiator)   Turns: 2482, Time: 00:06:51

Health: -2/41      AC:  6    Str: 16    XL:     5   Next: 5%
Magic:  5/5        EV: 13    Int: 10    God:
Gold:   125        SH:  0    Dex: 14    Spells: 4/4 levels left

rFire   . . .        a - +0 long sword
rCold   . . .        (no shield)
rNeg    . . .        f - +2 robe
rPois   .            c - +0 helmet
rElec   .            (no cloak)
rCorr   .            r - +0 pair of gloves
SInv    .            (no boots)
Will    .....        (no amulet)
Stlth   ++           (no ring)
HPRegen 0.26/turn    (no ring)
MPRegen 0.09/turn

%: no passive effects
@: no status effects
A: claws 2, powered by death 2
a: no special abilities


You were on level 2 of the Dungeon.
You visited 1 branch of the dungeon, and saw 2 of its levels.

You collected 125 gold pieces.

Inventory:

Hand Weapons
 a - a +0 long sword (weapon)
 t - a +0 rapier
Missiles
 d - 2 throwing nets
 e - a javelin
 h - 9 stones (quivered)
 l - 10 poisoned darts
 u - 6 atropa-tipped darts
Armour
 c - a +0 helmet (worn)
 f - a +2 robe (worn)
 i - a +0 scale mail
 r - a +0 pair of gloves (worn)
Magical Staves
 n - a staff of death
 q - a staff of poison
Scrolls
 g - a scroll of blinking {unknown}
 j - a scroll of amnesia {unknown}
 k - a scroll of noise {unknown}
 m - a scroll of teleportation {unknown}
 o - 2 scrolls of vulnerability {unknown}
 s - a scroll of identify {unknown}
Potions
 p - a potion of attraction {unknown}


   Skills:
 + Level 3.4 Fighting
 - Level 3.0 Long Blades
 - Level 2.0 Throwing
 - Level 1.0 Armour
 - Level 3.0 Dodging
 - Level 1.0 Stealth
 * Level 1.9 Unarmed Combat
 - Level 1.0 Evocations


You had 4 spell levels left.
You didn't know any spells.
Your spell library was empty.

Dungeon Overview and Level Annotations

Branches:
Dungeon (2/15)

Altars:
Okawaru

Annotations:
D:2 Natasha


Innate Abilities, Weirdness & Mutations

You have very sharp fingernails.
You regenerate health from kills.


Message History

Natasha is almost dead.
The cerulean imp misses you.
The cerulean imp hits you with a +2 spear.
* * * LOW HITPOINT WARNING * * *
Natasha closely misses you. The cerulean imp misses you.
The cerulean imp hits you but does no damage. x2
Natasha barely misses you.
You barely miss Natasha.
Natasha is almost dead.
You feel yourself speed up.
The cerulean imp hits you but does no damage.
The cerulean imp hits you with a +2 spear.
* * * LOW HITPOINT WARNING * * *
The cerulean imp hits you but does no damage.
Natasha claws you.
* * * LOW HITPOINT WARNING * * *
The cerulean imp barely misses you.
The cerulean imp hits you but does no damage.
The cerulean imp barely misses you. Natasha misses you.
You closely miss Natasha.
Natasha is almost dead.
The cerulean imp disappears in a puff of smoke!
The cerulean imp hits you from afar with a +0 spear.
* * * LOW HITPOINT WARNING * * *
The cerulean imp misses you. Natasha barely misses you.
Unknown command.
You hit Natasha but do no damage.
Natasha is almost dead.
The cerulean imp barely misses you.
The cerulean imp hits you with a +2 spear.
* * * LOW HITPOINT WARNING * * *
Natasha barely misses you.
You barely miss Natasha.
Natasha is almost dead.
The cerulean imp completely misses you.
The cerulean imp hits you but does no damage.
Natasha claws you.
* * * LOW HITPOINT WARNING * * *
The cerulean imp hits you from afar with a +0 spear.
You die...

##.########.#### #.....##
...............###########.......
..........)..............#.......
.........................#.......
##.......................####....
#.########..............# #....
#>..............5.......# #....
#.########.###h.........# #....
##..#######.###.@.)......# #....
..............§..5.....### #....
##.##.#####..####..###.## #....
#.##.†......####.......# #....
##.###..................### #....
......#####...###.####....####...
......# #...# #.#.....#..###...
......#####>..###................
......#..........................


You could see Natasha and 2 cerulean imps.

Vanquished Creatures
  Jessica (D:2)
  Natasha (D:2)
  2 adders (D:2)
  A worm (D:2)
  A dart slug (D:1)
  2 ball pythons
  10 endoplasms
  3 giant cockroaches (D:1)
  6 goblins (D:1)
  4 hobgoblins
  8 jackals (D:2)
  4 quokkas (D:1)
  6 bats
  5 frilled lizards (D:1)
  2 kobolds (D:2)
  7 rats
63 creatures vanquished.

Notes
Turn   | Place    | Note
-------+----------+-------------------------------------------
     0 | D:1      | IdlyInterested the Demonspawn Gladiator began the quest for
                  | the Orb.
     0 | D:1      | Reached XP level 1. HP: 16/16 MP: 1/1
   206 | D:1      | Gained mutation: You regenerate a little health from kills.
                  | [demonic ancestry]
   206 | D:1      | Reached XP level 2. HP: 20/22 MP: 2/2
   463 | D:1      | Gained mutation: You have sharp fingernails. [demonic
                  | ancestry]
   463 | D:1      | Reached XP level 3. HP: 28/28 MP: 3/3
   599 | D:1      | Found a faded altar of an unknown god.
   719 | D:1      | Reached skill level 1 in Stealth
  1564 | D:2      | Found an iron altar of Okawaru.
  1710 | D:2      | Reached skill level 1 in Armour
  1723 | D:2      | Gained mutation: You regenerate health from kills. [demonic
                  | ancestry]
  1723 | D:2      | Reached XP level 4. HP: 35/35 MP: 4/4
  1886 | D:2      | Noticed Natasha
  1907 | D:2      | HP: 1/35 [cerulean imp/+2 spear[Natasha] (2)]
  1908 | D:2      | Killed Natasha
  1909 | D:2      | Reached skill level 1 in Unarmed Combat
  1909 | D:2      | Reached skill level 1 in Evocations
  2034 | D:2      | Noticed Jessica
  2041 | D:2      | Killed Jessica
  2048 | D:2      | Gained mutation: You have very sharp fingernails. [demonic
                  | ancestry]
  2048 | D:2      | Reached XP level 5. HP: 41/41 MP: 5/5
  2467 | D:2      | Noticed Natasha
  2482 | D:2      | HP: 1/41 [Natasha (5)]
  2482 | D:2      | Slain by a cerulean imp

Illustrated notes

Levels and vault maps discovered:
D:1:      sevenhm_arrival_forest_fort_small_4, layout_basic,
          basic_ecumenical_altar, serial_bayou_pond_d, hex_medium,
          roderic_lattice_a, minmay_hexomino_c4
D:2:      layout_basic, basic_altar, grunt_decor_resistance, uniq_jessica,
          uniq_natasha

Skill      XL: |  1  2  3  4 |
---------------+-------------+-----
Long Blades    | 3 |  3.0
Dodging        | 3 |  3.0
Throwing       | 2 |  2.0
Stealth        | 1 |  1.0
Armour         | 1 |  1.0
Fighting       | 3 |  3.4
Unarmed Combat | 1 |  1.9
Evocations     | 1 |  1.0

Action                     |  1- 3 |  4- 6 || total
---------------------------+-------+-------++-------
  Melee: Long sword        |   145 |    67 ||   212
         Unarmed           |       |     4 ||     4
  Throw: Stone             |       |     2 ||     2
         Throwing net      |       |     2 ||     2
         Javelin           |       |     1 ||     1
    Use: Potion            |       |     3 ||     3
   Stab: Held in net/web   |       |     1 ||     1
 Armour: Leather armour    |    23 |       ||    23
         Scale mail        |    42 |    15 ||    57
         Skin              |       |     7 ||     7
         Robe              |       |    11 ||    11
  Dodge: Dodged            |   110 |    60 ||   170

Table legend: (Time is in decaauts)
 A = Elapsed time spent in this place.
 B = Non-inter-level travel time spent in this place.
 C = Inter-level travel time spent in this place.
 D = Time resting spent in this place.
 E = Time spent auto-exploring this place.
 F = Levels seen in this place.
 G = Mean time per level.
                   A        B        C        D        E       F      G
               +--------+--------+--------+--------+--------+-----+--------+
         Total |   2554 |   2300 |    254 |    133 |   1468 |   2 | 1277.0 |
       Dungeon |   2554 |   2300 |    254 |    133 |   1468 |   2 | 1277.0 |
               +--------+--------+--------+--------+--------+-----+--------+

Top non-repeatable levels by time:
     D:1: 1433 daAuts
     D:2: 1120 daAuts
